 Dungeon Crawl Stone Soup version 0.29.1-13-g9f3cf754e1 (webtiles) character file.

Game seed: 117753937308054404

1287 croobank the Sneak (level 8, -2/36 HPs)
             Began as a Felid Summoner on Jan 25, 2023.
             Slain by an orc wizard
             ... wielding a +0 dagger
              (4 damage)
             ... on level 8 of the Dungeon.
             The game lasted 00:40:04 (7897 turns).

croobank the Sneak (Felid Summoner)                 Turns: 7897, Time: 00:40:04

Health: -2/36      AC:  2    Str:  4    XL:     8   Next: 30%
Magic:  12/25      EV: 21    Int: 19    God:
Gold:   373        SH:  0    Dex: 16    Spells: 2/16 levels left
                                        Lives:  0   Deaths: 2

rFire   . . .      SeeInvis +   (weapon unavailable)
rCold   . . .      Faith    .   (shield unavailable)
rNeg    . . .      Spirit   .   (body armour unavailable)
rPois   +          Reflect  .   (helmet unavailable)
rElec   .          Harm     .   (cloak unavailable)
rCorr   .          Rampage  .   (gloves unavailable)
Will    +....                   (boots unavailable)
Stlth   ++++......              (no amulet)
HPRegen 0.12/turn               a - ring of magical power
MPRegen 0.19/turn               t - ring of Fatigue {Wiz rPois}

@: brilliant, attractive, quick
A: very small, claws 1, fangs 3, see invisible, speed 1, shaggy fur 2, stealthy
paws, no weapons or thrown items, no armour, multi-lived
a: no special abilities


You were on level 8 of the Dungeon.
You visited 1 branch of the dungeon, and saw 8 of its levels.

You collected 373 gold pieces.

Inventory:

Missiles
 i - 8 poisoned darts
Jewellery
 a - a ring of magical power (left paw)
 t - the ring of Fatigue (right paw) {Wiz rPois}
   (You found it on level 8 of the Dungeon)

   [ring of wizardry]

   It improves your spell success rate.
   rPois:     It protects you from poison.
Wands
 p - a wand of digging (8)
Scrolls
 c - 2 scrolls of vulnerability
 f - a scroll of teleportation
 h - 5 scrolls of poison
 j - a scroll of enchant armour
 k - 2 scrolls of noise
 q - a scroll of fear
 r - a scroll of brand weapon {unknown}
 s - a scroll of identify
 u - a scroll of blinking {unknown}
Potions
 b - a potion of haste
 d - a potion of flight
 e - a potion of cancellation
 g - 2 potions of curing
 n - 2 potions of degeneration {unknown}
 o - 4 potions of heal wounds {unknown}


   Skills:
 + Level 4.9 Fighting
 + Level 6.9 Dodging
 + Level 7.6 Stealth
 + Level 4.7 Spellcasting
 - Level 5.0 Hexes
 + Level 6.3 Summonings
 + Level 2.3 Air Magic


You had 2 spell levels left.
You knew the following spells:

 Your Spells              Type           Power      Damage    Failure   Level
a - Summon Small Mammal   Summ           100%       N/A       1%          1
b - Call Imp              Summ           42%        N/A       1%          2
c - Call Canine Familiar  Summ           42%        N/A       1%          3
d - Summon Guardian Gole  Hex/Summ       39%        N/A       1%          3
e - Slow                  Hex            100%       N/A       1%          1
f - Summon Lightning Spi  Summ/Air       31%        N/A       9%          4

Your spell library contained the following spells:

 Spells                   Type           Power      Damage    Failure   Level
 Shock                    Conj/Air       52%        1d6       3%          1
 Confusing Touch          Hex            35%        N/A       1%          3
 Swiftness                Air            20%        N/A       6%          3
 Vampiric Draining        Necr           6%         2d6       16%         3
 Fulminant Prism          Conj/Hex       10%        3d9       17%         4
 Airstrike                Air            10%        2d(2-18)  19%         4
 Iskenderun's Mystic Bla  Conj/Tloc      6%         2d4       43%         4
 Lee's Rapid Deconstruct  Erth           3%         3d6*      77%         5


Dungeon Overview and Level Annotations

Branches:
Dungeon (8/15)
 Temple: D:4-7         Lair: D:8-11

Altars:
Ashenzari
Makhleb
Nemelex Xobeh
Sif Muna
Uskayaw
Vehumet
Yredelemnul
The Shining One

Annotations:
D:4 Edmund


Innate Abilities, Weirdness & Mutations

You have sharp claws.
You have razor-sharp teeth.
You have supernaturally acute eyesight. (SInv)
You cover ground quickly. (Speed+)
You are covered in thick fur. (AC +2)
Your paws help you pounce on unaware monsters.
You are incapable of wielding weapons or throwing items.
You cannot wear armour.
You gain extra lives every three experience levels.


Message History

The orc priest shouts!
You hear a shout!
Your crimson imp hits the orc priest but does no damage.
The orc priest hits your crimson imp with a +0 short sword.
Your crimson imp barely misses the orc priest.
The orc priest hits your crimson imp but does no damage.
Casting: Summon Small Mammal (safe; 1% risk of failure)
Confirm with . or Enter, or press ? or * to list all spells.
A guardian golem appears, shielding your allies.
Your crimson imp closely misses the orc priest.
The orc priest calls upon Beogh to heal the orc priest.
The orc priest is healed somewhat.
The orc priest hits your crimson imp with a +0 short sword.
Your crimson imp hits the orc priest.
The orc priest calls down the wrath of Beogh upon you.
Beogh smites you!
* * * LOW HITPOINT WARNING * * *
The orc priest hits your crimson imp with a +0 short sword.
Your crimson imp blinks!
There is a broken altar of Ashenzari here.
You swap places.
Your bat closely misses the orc priest.
The orc wizard hits your guardian golem but does no damage.
The orc priest mumbles some strange prayers to Beogh against you.
Your bat writhes in agony.
Your bat hits the orc priest.
Your crimson imp blinks!
Okay, then.
Search for what [? for help]? goz Can't find anything matching that.
It was a potion of attraction.
You feel attractive to monsters.
Your bat hits the orc wizard but does no damage.
Your bat misses the orc wizard. The orc priest barely misses your bat.
The orc wizard is attracted toward you. The orc is attracted toward you. x2
The orc priest is attracted toward you. x2
It was a potion of brilliance.
You feel clever all of a sudden.
Your bat hits the orc priest. The orc barely misses you.
The orc priest calls upon Beogh to heal the orc priest.
The orc priest's wounds heal themselves!
The orc wizard hits you with a +0 dagger.
You die...

#.........#
#################........'
#≈≈..≈≈≈.≈..≈≈≈.#.....[..#
#≈≈.≈≈≈~.≈≈≈≈...#........#
#≈≈≈HmtmSt.≈≈≈..#........#
######################....#
##..D9b.............###..### ..
##.D.§§..o._5........##......
....#....o§☼o.oo@.o..§...##......
...o†§.#################)........
.......##.S##§#NN.##..≈#.§.......
.....###...≈≈§N#.#.#.≈.#..†......
..... ##§§.#§..###.####c....####
..o# ######### ## #..#..#


.oo ...#..# .. ......... . ........... You could see a naga sharpshooter, a sea
snake, a salamander, 2 snapping turtles, a merfolk, a manticore, a water nymph,
a black mamba, a naga mage, a steam dragon, 2 orc priests, an orc wizard
(invisible), 2 orcs, a friendly guardian golem (summoned), a friendly crimson
imp (summoned, sheltered) and a friendly bat (summoned, sheltered).

Vanquished Creatures
  An iguana (D:6)
  An orc (D:4)
  A ball python (D:3)
  An endoplasm (D:1)
  A jackal (D:3)
  A bat (D:1)
  A frilled lizard (D:3)
7 creatures vanquished.

Vanquished Creatures (collateral kills)
  2 water moccasins
  An ice beast (D:5)
  An ogre (D:7)
  A centaur (D:8)
  A bullfrog (D:8)
  2 necrophages
  A wight (D:7)
  3 howler monkeys
  3 jellies
  An orc priest (D:6)
  2 iguanas (D:6)
  3 orc wizards (D:6)
  4 gnolls
  10 adders
  An ufetubus (D:6)
  A worm (D:2)
  4 dart slugs
  20 orcs
  An endoplasm (D:4)
  A giant cockroach (D:1)
  A goblin (D:2)
  4 hobgoblins
  2 jackals (D:3)
  A quokka (D:4)
  2 ball pythons
  A bat (D:1)
  A frilled lizard (D:2)
  4 kobolds
  3 rats
82 creatures vanquished.

Vanquished Creatures (others)
  Duvessa (D:6)
  A water moccasin (D:8)
  An ice beast (D:6)
  2 centaurs (D:7)
  A bullfrog (D:8)
  2 wights (D:7)
  Dowan (D:6)
  2 hounds
  A jelly (D:6)
  A gnoll bouda (D:6)
  2 orc wizards
  2 gnolls (D:6)
  3 orcs (D:7)
  3 fungi (D:8)
  5 plants (D:8)
28 creatures vanquished.

Grand Total: 117 creatures vanquished

Notes
Turn   | Place    | Note
-------+----------+-------------------------------------------
     0 | D:1      | croobank the Felid Summoner began the quest for the Orb.
     0 | D:1      | Reached XP level 1. HP: 7/7 MP: 4/4
   338 | D:1      | Reached skill level 3 in Stealth
   392 | D:1      | Reached XP level 2. HP: 11/11 MP: 3/6
   474 | D:1      | Learned a level 2 spell: Call Imp
  1513 | D:2      | Reached XP level 3. HP: 14/14 MP: 3/7
  1569 | D:2      | Found a faded altar of an unknown god.
  1909 | D:3      | Learned a level 3 spell: Call Canine Familiar
  2096 | D:3      | Reached XP level 4. HP: 8/18 MP: 8/8
  2520 | D:3      | Reached skill level 4 in Stealth
  2597 | D:4      | Noticed Edmund
  2733 | D:4      | Reached skill level 1 in Fighting
  2842 | D:4      | Found a radiant altar of Vehumet.
  2943 | D:4      | Learned a level 1 spell: Slow
  3264 | D:4      | Reached XP level 5. HP: 22/22 MP: 10/10
  3432 | D:5      | Entered Level 5 of the Dungeon
  3453 | D:5      | Splashed by a jelly's acid
  3454 | D:5      | Reached XP level 4. HP: 0/19 MP: 7/18
  3454 | D:5      | Reached XP level 5. HP: 22/22 MP: 10/10
  3772 | D:5      | Noticed a water moccasin
  3784 | D:5      | Killed a water moccasin
  3785 | D:5      | Reached skill level 5 in Stealth
  3785 | D:5      | Reached skill level 5 in Summonings
  3974 | D:5      | Noticed an ice beast
  4003 | D:5      | Killed an ice beast
  4004 | D:5      | Gained mutation: You are covered in thick fur. (AC +2)
                  | [Felid growth]
  4004 | D:5      | Reached XP level 6. HP: 28/28 MP: 9/12
  4086 | D:5      | Learned a level 3 spell: Summon Guardian Golem
  4563 | D:6      | Reached skill level 1 in Hexes
  5010 | D:6      | Noticed Duvessa
  5011 | D:6      | Noticed Dowan
  5040 | D:6      | Noticed an ice beast
  5205 | D:6      | Reached skill level 5 in Dodging
  5263 | D:6      | Killed an ice beast
  5264 | D:6      | Reached XP level 7. HP: 25/31 MP: 13/13
  5350 | D:6      | Killed Duvessa
  5360 | D:6      | Killed Dowan
  5526 | D:6      | Reached skill level 6 in Stealth
  5567 | D:6      | Found a shimmering blue altar of Sif Muna.
  5766 | D:6      | Found a sparkling altar of Nemelex Xobeh.
  5766 | D:6      | Found a burning altar of Makhleb.
  5917 | D:6      | Found a basalt altar of Yredelemnul.
  6205 | D:7      | Reached XP level 8. HP: 36/36 MP: 14/15
  6351 | D:7      | Reached skill level 5 in Hexes
  6495 | D:7      | Found a glowing golden altar of the Shining One.
  6615 | D:7      | Reached skill level 1 in Air Magic
  7051 | D:7      | Reached skill level 7 in Stealth
  7098 | D:7      | Slain by a wyvern
  7099 | D:7      | Reached XP level 7. HP: -1/33 MP: 18/23
  7201 | D:7      | Found a hide-covered altar of Uskayaw.
  7678 | D:8      | Identified the ring of Fatigue {Wiz rPois}
  7773 | D:8      | Reached XP level 8. HP: 36/36 MP: 15/15
  7784 | D:8      | Found a broken altar of Ashenzari.
  7801 | D:8      | Learned a level 4 spell: Summon Lightning Spire
  7845 | D:8      | Saw a vision of the Shoals and the Snake Pit.
  7845 | D:8      | Noticed a snapping turtle
  7845 | D:8      | Noticed a merfolk
  7845 | D:8      | Noticed a water nymph
  7845 | D:8      | Noticed a sea snake
  7845 | D:8      | Noticed a snapping turtle
  7845 | D:8      | Noticed a manticore
  7845 | D:8      | Noticed a naga mage
  7845 | D:8      | Noticed a salamander
  7846 | D:8      | Noticed a naga sharpshooter
  7846 | D:8      | Noticed a black mamba
  7847 | D:8      | Noticed a black mamba
  7897 | D:8      | Slain by an orc wizard

Illustrated notes

Levels and vault maps discovered:
D:1:      zaba_arrival_water, layout_basic, chequers_serial_rivers_large_a,
          chequers_serial_rivers_micro_d, nicolae_figureground_pulse
D:2:      layout_rooms, chequers_ecumenical_altar_simple_redux,
          grunt_ministairs_6
D:3:      layout_rooms
D:4:      layout_cave_pools, mainiacjoe_overflow_paths, trog_wizard,
          temple_green, grunt_ministairs_2, uniq_edmund
D:5:      layout_loops_corners, kennysheep_nondescript
D:6:      layout_rooms, mainiacjoe_overflow_surrounded_room,
          nicolae_overflow_two_pavilions, kennysheep_mini_moat, uniq_duvessa
D:7:      layout_loops_ring, tso_metal_star, mainiacjoe_overflow_catwalk
D:8:      layout_basic, grunt_ashenzari_visionary
          [grunt_ashenzari_visionary_shoals, grunt_ashenzari_visionary_snake],
          dpeg_oklobed_lair

Skill      XL: |  1  2  3  4  5  6  7  8 |
---------------+-------------------------+-----
Stealth        | 3 4 5 6 7 |  7.6
Dodging        | 3 4 5 6 |  6.9
Fighting       | 1 3 4 |  4.9
Spellcasting   | 3 4 |  4.7
Summonings     | 5 6 |  6.3
Hexes          | 2 4 5 |  5.0
Air Magic      | 2 1 |  2.3

Action                   |  1- 3 |  4- 6 |  7- 9 || total
-------------------------+-------+-------+-------++-------
Melee: Unarmed           |     7 |    16 |     1 ||    24
       Bite              |       |     1 |       ||     1
 Cast: Summon Small Mamm |    39 |    34 |    30 ||   103
       Call Imp          |    11 |    12 |    15 ||    38
       Call Canine Famil |     2 |    26 |    29 ||    57
       Slow              |       |    21 |     4 ||    25
       Summon Guardian G |       |     7 |    27 ||    34
  Use: Potion            |     1 |     1 |     3 ||     5
       Scroll            |       |    12 |       ||    12
 Stab: Sleeping          |     2 |     2 |       ||     4
Armor: Skin              |     1 |       |     1 ||     2
Dodge: Dodged            |     9 |    21 |    28 ||    58
